 Dungeon Crawl Stone Soup version 0.23.1 (webtiles) character file.

Game seed: 14963679115469663851

116 Gargoyl the Skirmisher (level 4, 0/39 HPs)
             Began as a Centaur Abyssal Knight on Mar 17, 2019.
             Was a Believer of Lugonu.
             Slain by an orc wizard
             ... wielding a +1 dagger of flaming
              (2 damage)
             ... on level 3 of the Dungeon.
             The game lasted 00:03:08 (2219 turns).

Gargoyl the Skirmisher (Centaur Abyssal Knight)     Turns: 2219, Time: 00:03:10

Health: 0/39       AC:  4    Str: 19    XL:     4   Next: 69%
Magic:  6/6        EV:  4    Int: 11    God:    Lugonu [**....]
Gold:   161        SH: 18    Dex: 10    Spells: 3/3 levels left

rFire    + . .     SeeInvis .   a - +1 hand axe
rCold    + + .     Gourm    .   n - +2 large shield
rNeg     . . .     Faith    .   b - +0 leather armour
rPois    .         Spirit   .   (no helmet)
rElec    .         Reflect  +   j - scarf {rC+ rF+}
rCorr    .         Harm     .   (no gloves)
MR       .....                  (no barding)
Stlth    ..........             k - +4 amulet of reflection
HPRegen  0.13/turn              g - ring of protection from cold
MPRegen  0.10/turn              (no ring)

@: mighty, very quick
A: large, hooves 3, deformed body, speed 2, tough skin 3
a: Depart the Abyss, Bend Space, Renounce Religion


You were on level 3 of the Dungeon.
You worshipped Lugonu.
Lugonu was pleased with you.
You were hungry.

You visited 1 branch of the dungeon, and saw 3 of its levels.
You visited the Abyss 1 time.

You collected 161 gold pieces.

Inventory:

Hand Weapons
 a - a +1 hand axe (weapon)
Missiles
 l - 5 javelins (quivered)
Armour
 b - a +0 leather armour (worn)
 j - a scarf of resistance (worn)
 n - a +2 large shield (worn)
Jewellery
 g - a ring of protection from cold (left hand)
 k - a +4 amulet of reflection (around neck)
Scrolls
 d - a scroll of blinking {unknown}
Potions
 e - a potion of flight {unknown}
 f - a potion of mutation {unknown}
 h - a potion of might
 i - 2 potions of brilliance {unknown}
 m - a potion of curing {unknown}
Comestibles
 c - 7 rations


   Skills:
 + Level 3.6 Fighting
 + Level 2.4 Axes
 * Level 1.9 Armour
 + Level 1.2 Dodging
 * Level 1.1 Shields
 * Level 2.9 Invocations


You had 3 spell levels left.
You didn't know any spells.
Your spell library was empty.

Dungeon Overview and Level Annotations

Branches:
Dungeon (3/15)

Altars:
Okawaru
Wu Jian


Innate Abilities, Weirdness & Mutations

You have hooves in place of feet.
Armour fits poorly on your strangely shaped body.
You cover ground very quickly.
You have extremely tough skin. (AC +3)


Message History

The orc priest hits you but does no damage.
The orc hits you but does no damage.
The orc wizard hits you with a +1 dagger of flaming.
* * * LOW HITPOINT WARNING * * *
You block the orc priest's attack.
You hit the orc priest.
You kill the orc priest!
Lugonu accepts your kill.
Your Shields skill increases to level 1!
You slash the orc!
You kill the orc!
Lugonu accepts your kill.
You closely miss the orc wizard. You block the orc wizard's attack.
You barely miss the orc wizard. Your kick misses the orc wizard.
The orc wizard is severely wounded.
The orc wizard hits you with a +1 dagger of flaming.
* * * LOW HITPOINT WARNING * * *
You block the orc wizard's attack.
The orc wizard hits you with a +1 dagger of flaming.
You die...

*,,,,............†...###,,,,,**
*,,,,.#..............#.#*,,,**,
*,,,,,#................#**,###,
*,,,,,#.............#..#,,,..#,
*,,,,,#.............#..#+##.#*,
*,,,,,.......)..............##.
***,,,,........................
*,,,,......)))...........####
*,,,,....###@#####....>..[...
*,,,,o..,* #.o.......#†##....
*,,,,..,,**###########.###...
*****,,,,.,,,**,,,,* #.#.....
,,,,,,,,,,,,,,,,,,,******#.#.#...
,,,,,,,,,,,,,,,,,,,**,,,,..#.#...
,,,,,,,,,,,,,,,,*****,***###,#...
,,,,,,,,,,,,,,,,* *,* *,#...
<,,,,,,,,,,,,,,,* *,* *,#...


You could see an orc wizard.

Vanquished Creatures
  An orc priest (D:3)
  An adder (D:3)
  4 dart slugs
  5 orcs (D:3)
  4 ball pythons
  2 giant cockroaches
  9 goblins
  5 hobgoblins
  6 jackals (D:3)
  12 kobolds
  A quokka (D:2)
  4 bats
  2 frilled lizards (D:1)
  3 rats
59 creatures vanquished.

Notes
Turn   | Place    | Note
-------+----------+-------------------------------------------
     0 | Abyss:1  | Gargoyl the Centaur Abyssal Knight began the quest for the
                  | Orb.
     0 | Abyss:1  | Reached XP level 1. HP: 19/19 MP: 2/2
     8 | Abyss:2  | Found a corrupted altar of Lugonu.
    24 | Abyss:2  | Found a corrupted altar of Lugonu.
    26 | Abyss:2  | Noticed a smoke demon
    26 | D:1      | Escaped the Abyss
   364 | D:1      | Reached XP level 2. HP: 24/26 MP: 3/3
   527 | D:1      | Reached * piety under Lugonu
   958 | D:1      | Found an iron altar of Okawaru.
  1288 | D:2      | Reached XP level 3. HP: 27/31 MP: 4/4
  1353 | D:2      | Reached skill level 1 in Dodging
  1602 | D:2      | Found an ornate altar of the Wu Jian Council.
  2038 | D:3      | Reached ** piety under Lugonu
  2058 | D:3      | Reached XP level 4. HP: 34/38 MP: 6/6
  2218 | D:3      | Reached skill level 1 in Shields
  2219 | D:3      | Slain by an orc wizard

Skill      XL: |  1  2  3  4 |
---------------+-------------+-----
Dodging        | 1 |  1.2
Axes           | 2 |  2.4
Shields        | 1 |  1.1
Fighting       | |  3.6
Armour         | |  1.9
Invocations    | |  2.9

Action                   |  1- 3 |  4- 6 || total
-------------------------+-------+-------++-------
Melee: Hand axe          |   114 |    33 ||   147
       Kick              |    16 |     5 ||    21
Invok: Depart the Abyss  |     1 |       ||     1
  Use: Scroll            |     6 |       ||     6
       Potion            |       |     1 ||     1
  Eat: Chunk             |     2 |       ||     2
Armor: Leather armour    |    42 |    18 ||    60
Dodge: Dodged            |    31 |     6 ||    37
Block: Shield            |    37 |       ||    37
       Large shield      |    11 |    52 ||    63
       Reflection        |     1 |       ||     1
